 Dungeon Crawl Stone Soup version 0.30-a0-534-gdc55766716 (webtiles) character file.

Game seed: 4267930560225010598

30 Newt the Shooter (level 3, -4/20 (21) HPs)
             Began as a Kobold Hunter on Dec 25, 2022.
             Slain by a necrophage (6 damage)
             ... on level 2 of the Dungeon.
             The game lasted 00:01:56 (1675 turns).

Newt the Shooter (Kobold Hunter)                    Turns: 1675, Time: 00:01:57

HP:   -4/20 (21)    AC:  4    Str: 14    XL:     3   Next: 35%
MP:   3/3           EV: 15    Int: 10    God:
Gold: 64            SH:  0    Dex: 20    Spells: 2/2 levels left

rFire   . . .      SeeInvis .    a - +0 shortbow
rCold   . . .      Faith    .    (shield currently unavailable)
rNeg    . . .      Spirit   .    c - +1 leather armour
rPois   .          Reflect  .    (helmet restricted)
rElec   .          Harm     .    (no cloak)
rCorr   .          Rampage  .    (no gloves)
Will    .....                    (no boots)
Stlth   +++                      (no amulet)
HPRegen 0.23/turn                i - +6 ring of strength
MPRegen 0.08/turn                (no ring)

@: lightly drained
A: small, no large weapons, nightstalker 3, horns 1, MP-powered wands
a: no special abilities


You were on level 2 of the Dungeon.
You visited 1 branch of the dungeon, and saw 2 of its levels.

You collected 64 gold pieces.

Inventory:

Hand Weapons
 a - a +0 shortbow (weapon)
Armour
 c - a +1 leather armour (worn)
Jewellery
 h - a ring of magical power
 i - a +6 ring of strength (left hand)
Scrolls
 b - a scroll of immolation
 d - a scroll of teleportation
 k - a scroll of enchant armour
 o - 2 scrolls of fear
Potions
 f - a potion of degeneration {unknown}
 j - a potion of brilliance
 m - a potion of haste {unknown}
 n - a potion of heal wounds {unknown}
 p - a potion of mutation


   Skills:
 - Level 2.1 Fighting
 + Level 6.6 Ranged Weapons
 - Level 2.4 Dodging
 - Level 1.3 Stealth


You had 2 spell levels left.
You didn't know any spells.
Your spell library was empty.

Dungeon Overview and Level Annotations

Branches:
Dungeon (2/15)

Altars:
Xom

Annotations:
D:2 Sigmund


Innate Abilities, Weirdness & Mutations

You are small and have problems with some larger weapons.
You are completely attuned to the shadows.
You have a pair of small horns on your head.
You expend magic power (3 MP) to strengthen your wands.


Message History

The arrow hits the necrophage but does no damage.
You shoot an arrow.
The arrow closely misses the necrophage.
The necrophage hits you but does no damage.
You shoot an arrow. The arrow hits the necrophage!
The necrophage is moderately damaged.
The giant cockroach completely misses you.
The necrophage barely misses you. The giant cockroach misses you.
The necrophage attacks as you move away!
The necrophage hits you but does no damage.
You shoot an arrow. The arrow barely misses the necrophage.
The arrow hits the giant cockroach!
You kill the giant cockroach!
The necrophage hits you.
You shoot an arrow. The arrow hits the necrophage!
The necrophage is heavily damaged.
The necrophage hits you. The necrophage closely misses you.
You are too injured to fight recklessly!
The necrophage attacks as you move away!
The necrophage hits you.
* * * LOW HITPOINT WARNING * * *
You feel drained.
* * * LOW HITPOINT WARNING * * *
The necrophage attacks as you move away!
The necrophage closely misses you.
The necrophage attacks as you move away!
The necrophage barely misses you.
As you read the scroll labelled ADEADO MAPSUWK, it crumbles to dust.
The scroll dissolves into smoke.
It was a scroll of fog.
The necrophage barely misses you.
A quokka comes into view.
The necrophage attacks as you move away!
The necrophage hits you but does no damage.
It was a potion of mutation.
You feel extremely strange. A pair of horns grows on your head!
You feel your magical essence link to the dungeon's wands.
The quokka bites you.
* * * LOW HITPOINT WARNING * * *
The quokka completely misses you. The necrophage hits you.
You die...

#..... #. #..... #.# #.# #..###
##################.#### #.....
.................§§§... ......
...$......########§#### #..#.#
..........# #§# #..#.#
......._..# ######§# #..#.#
...............r@n§# #(...#
#.........##################...##
#(.........## #.##...##.#..
########## #.##.####.#.#
.........# #.##.# #.#.#
########.# #.##.####.#.# #.....#
##.........#.# #.##### #..##...##
#.#


You could see a necrophage and a quokka.

Vanquished Creatures
  A dart slug (D:1)
  2 endoplasms (D:2)
  3 giant cockroaches
  3 goblins
  2 hobgoblins
  3 kobolds (D:1)
  A quokka (D:2)
  4 ball pythons
  2 bats (D:2)
  2 frilled lizards
  2 rats (D:2)
25 creatures vanquished.

Notes
Turn   | Place    | Note
-------+----------+-------------------------------------------
     0 | D:1      | Newt the Kobold Hunter began the quest for the Orb.
     0 | D:1      | Reached XP level 1. HP: 12/12 MP: 1/1
   256 | D:1      | Reached XP level 2. HP: 17/17 MP: 2/2
   607 | D:1      | Reached skill level 6 in Ranged Weapons
  1329 | D:2      | Reached XP level 3. HP: 21/21 MP: 3/3
  1455 | D:2      | Noticed Sigmund
  1643 | D:2      | Found a shimmering altar of Xom.
  1660 | D:2      | Noticed a necrophage
  1668 | D:2      | HP: 1/20 [necrophage (2)]
  1675 | D:2      | Gained mutation: You have a pair of small horns on your
                  | head. [potion of mutation]
  1675 | D:2      | Gained mutation: You expend magic power (3 MP) to
                  | strengthen your wands. [potion of mutation]
  1675 | D:2      | Slain by a necrophage

Illustrated notes

Levels and vault maps discovered:
D:1:      minmay_arrival_four_loops, layout_basic, minmay_misc_feat_rows,
          hangedman_decor_diamond_cutter, chequers_serial_rivers_small_b,
          nicolae_titane
D:2:      layout_basic, basic_altar, uniq_sigmund

Skill      XL: |  1  2 |
---------------+-------+-----
Ranged Weapons | 6 |  6.6
Fighting       | |  2.1
Dodging        | |  2.4
Stealth        | |  1.3

Action                   || total
-------------------------++-------
 Fire: Shortbow          ||    67
  Use: Scroll            ||     9
       Potion            ||     3
Armor: Leather armour    ||     8
Dodge: Dodged            ||    24

Table legend: (Time is in decaauts)
 A = Elapsed time spent in this place.
 B = Non-inter-level travel time spent in this place.
 C = Inter-level travel time spent in this place.
 D = Time resting spent in this place.
 E = Time spent auto-exploring this place.
 F = Levels seen in this place.
 G = Mean time per level.
                   A        B        C        D        E       F      G
               +--------+--------+--------+--------+--------+-----+--------+
         Total |   1692 |   1678 |     14 |     73 |   1448 |   2 |  846.0 |
       Dungeon |   1692 |   1678 |     14 |     73 |   1448 |   2 |  846.0 |
               +--------+--------+--------+--------+--------+-----+--------+

Top non-repeatable levels by time:
     D:1: 1072 daAuts
     D:2: 620 daAuts
